 Dungeon Crawl Stone Soup version 0.31.0-11-ge490571c62 (webtiles) character file.

Game seed: 18073702622611685435

88 qw the Shooter (level 4, 0/22 HPs)
             Began as a Spriggan Hunter on Feb 3, 2024.
             Succumbed to an adder's poison
             ... in a sewer.
             The game lasted 00:00:05 (1581 turns).

qw the Shooter (Spriggan Hunter)                    Turns: 1581, Time: 00:00:06

Health: 0/22       AC:  2    Str:  7    XL:     4   Next: 30%
Magic:  5/5        EV: 17    Int: 10    God:
Gold:   103        SH:  0    Dex: 20    Spells: 3/3 levels left

rFire   . . .        a - +1 shortbow
rCold   . . .        (shield currently unavailable)
rNeg    . . .        c - +0 robe
rPois   .            (helmet restricted)
rElec   .            (no cloak)
rCorr   .            (gloves unavailable)
SInv    +            (boots unavailable)
Will    .....        (no amulet)
Stlth   +            (no ring)
HPRegen 0.23/turn    (no ring)
MPRegen 0.09/turn

%: no passive effects
@: lethally poisoned (0 -> -7), about to teleport, constricted, slow
A: very small, no large weapons, unfitting armour, see invisible, speed 3
a: no special abilities


You were in a sewer.
You visited 1 branch of the dungeon, and saw 3 of its levels.
You also visited: Sewer.

You collected 103 gold pieces.


Innate Abilities, Weirdness & Mutations

You are very small and have problems with some larger weapons.
You are too small for most types of armour.
You have supernaturally acute eyesight. (SInv)
You cover ground extremely quickly. (Speed+++)


   Skills:
 - Level 1.5 Fighting
 - Level 5.0 Ranged Weapons
 + Level 4.7 Dodging
 - Level 1.5 Stealth


You had 3 spell levels left.
You didn't know any spells.
Your spell library was empty.

Inventory:

Hand Weapons
 a - a +1 shortbow (weapon)
Armour
 c - a +0 robe (worn)
Potions
 e - a potion of haste
 g - 2 potions of resistance

Dungeon Overview and Level Annotations

Branches:
Dungeon (3/15)              Sewer (1/1)

Altars:

Annotations:
D:2 1 runed translucent door, Crazy Yiuf


Message History

The adder misses you.
The ball python bites you but does no damage.
The ball python closely misses you. The adder misses you.
You shoot an arrow. The arrow closely misses the adder.
The ball python bites you. The ball python misses you. x2
The ball python completely misses you. The adder bites you.
The ball python misses you. The ball python closely misses you.
You shoot an arrow. The arrow misses the adder.
The adder misses you. The ball python completely misses you.
The ball python closely misses you. The ball python barely misses you.
The ball python completely misses you. The ball python closely misses you. x2
The adder bites you.
You shoot an arrow. The arrow hits the adder!
The adder is severely wounded.
The ball python misses you. The ball python grabs you.
The ball python constricts you. The ball python barely misses you.
The river rat misses you. The adder bites you.
You are poisoned.
The adder poisons you! The ball python completely misses you.
The ball python closely misses you. The ball python constricts you.
The ball python misses you.
You shoot an arrow.
The arrow closely misses the ball python.
You feel sick. The ball python completely misses you. The adder bites you.
You are more poisoned.
The adder poisons you! The river rat bites you!
The ball python closely misses you. The ball python constricts you.
The ball python bites you. The adder misses you.
The ball python bites you but does no damage.
The river rat misses you.
1580 ||| READING scroll of teleportation.
As you read the scroll of teleportation, it crumbles to dust.
You feel strangely unstable.
You feel sick. The ball python barely misses you.
The ball python constricts you. The ball python barely misses you.
The adder closely misses you. The ball python misses you.
The river rat bites you but does no damage.
You shoot an arrow.
The arrow hits the ball python but does no damage.
You die...

#~~~~~~#
#~~%~~~
#~~~~~~#
#~~~~~~
#~~~~~~#
#~~~~~~
#~~~~~~#
#~.~#~~
#.~~~~~#
#~~#~~~
#~~~~~~#
#~~~~.~
#~~~~~~#
#~~~~~~
#~r~~~~#
#~~~#~~
#~#@S~~#
#~~~~~~
#~SSS~~#
#~~~~~~
#~~~r~~#
#~~~~~~
#~~~~~~#
#~~~~~~
#~~~~~~#
#~~~~~~
#..~.~##
#.~.~~#
#..%...
#......
......##
#..\\..
#......


You could see an adder, a river rat, 3 ball pythons and a rat.

Vanquished Creatures
  An adder (D:2)
  2 river rats (Sewer)
  2 dart slugs
  2 ribbon worms
  5 endoplasms
  3 giant cockroaches
  3 goblins (D:1)
  3 hobgoblins
  2 jackals (D:2)
  3 ball pythons
  5 bats
  3 frilled lizards
  6 kobolds
  15 rats
55 creatures vanquished.

Notes
Turn   | Place    | Note
-------+----------+-------------------------------------------
     0 | D:1      | qw the Spriggan Hunter began the quest for the Orb.
     0 | D:1      | Reached XP level 1. HP: 10/10 MP: 2/2
     0 | D:1      | 0 ||| qw: Version: 0.3-a-155-g5e7d8dd
     0 | D:1      | 0 ||| qw: Game counter: 3248
     0 | D:1      | 0 ||| qw: Melee chars always use a shield: true
     0 | D:1      | 0 ||| qw: God list: Okawaru
     0 | D:1      | 0 ||| qw: Allow faded altars: false
     0 | D:1      | 0 ||| qw: Do Orc after clearing Dungeon:15 true
     0 | D:1      | 0 ||| qw: Do second Lair branch before Depths: true
     0 | D:1      | 0 ||| qw: Lair rune preference: random
     0 | D:1      | 0 ||| qw: Goals: Normal
     0 | D:1      | 0 ||| PLANNING D:1-11
    59 | D:1      | Reached skill level 3 in Dodging
   194 | D:1      | Reached XP level 2. HP: 14/14 MP: 3/3
   244 | D:1      | Found a faded altar of an unknown god.
   594 | D:1      | 594 ||| READING scroll labelled JOXUSYV ALUYSM.
   594 | D:1      | 594 ||| ENCHANTING +0 shortbow.
   595 | D:1      | 595 ||| READING scroll labelled IRUBOI DIKLUCS.
   596 | D:1      | 596 ||| READING scroll labelled VOCAGID FIHYR.
   596 | D:1      | 596 ||| IDENTIFYING inky potion
   597 | D:1      | 597 ||| DROPPING scroll of butterflies.
   919 | D:2      | Identified the +1 leather armour of Dogma {rElec Dex-5
                  | SInv}
   928 | D:2      | Reached XP level 3. HP: 18/18 MP: 4/4
  1123 | D:2      | Found a runed translucent door.
  1124 | D:2      | Noticed Crazy Yiuf
  1284 | D:2      | 1284 ||| READING scroll of identify.
  1284 | D:2      | 1284 ||| IDENTIFYING sedimented purple potion
  1285 | D:2      | 1285 ||| READING 2 scrolls labelled TAALU VYOM.
  1367 | D:2      | 1367 ||| READING scroll labelled XARGHI ZEOCWU.
  1368 | D:2      | 1368 ||| READING scroll labelled RAOMUATSUI.
  1368 | D:2      | 1368 ||| ENCHANTING +1 shortbow.
  1369 | D:2      | 1369 ||| READING scroll labelled EHOULISHRYN.
  1370 | D:2      | 1370 ||| DRINKING 2 metallic sapphire potions.
  1371 | D:2      | 1371 ||| DROPPING potion of lignification.
  1396 | D:3      | 1396 ||| PLANNING SEWER
  1427 | D:3      | Found a glowing drain.
  1454 | D:3      | Reached skill level 5 in Ranged Weapons
  1500 | Sewer    | Entered a sewer
  1521 | Sewer    | Reached XP level 4. HP: 22/22 MP: 5/5
  1579 | Sewer    | HP: 5/22 [river rat (7)]
  1580 | Sewer    | 1580 ||| READING scroll of teleportation.
  1580 | Sewer    | HP: 2/22 [poisoned by an adder]
  1581 | Sewer    | Succumbed to an adder's poison

Levels and vault maps discovered:
D:1:      dpeg_arrival_chambers_temple_mockup, layout_rooms,
          chequers_ecumenical_altar_island
D:2:      minmay_alternating_diamond, layout_loops_ring, uniq_crazy_yiuf_cottage
D:3:      layout_loops_ring, amcnicky_altar_gilded, portal_sewer_entry_a,
          uniq_terence, uniq_natasha
Sewer:    sewer_minmay_w

Skill      XL: |  1  2  3 |
---------------+----------+-----
Dodging        | 3 4 |  4.7
Ranged Weapons | 5 |  5.0
Fighting       | |  1.5
Stealth        | |  1.5

Action                     |  1- 3 |  4- 6 || total
---------------------------+-------+-------++-------
   Fire: Shortbow          |   102 |    29 ||   131
    Use: Scroll            |     8 |     1 ||     9
         Potion            |     1 |       ||     1
 Armour: Robe              |     6 |    10 ||    16
  Dodge: Dodged            |    22 |    33 ||    55

Table legend:
 A = Non-vault XP
 B = Vault XP
 C = Vault XP percentage of total XP
 D = Non-vault monster count
 E = Vault monster count
 F = Vault count percentage of total count
                 A         B        C        D         E       F
            +---------+---------+-------+---------+---------+-------
      Total |      72 |      55 |  43.3 |      33 |      22 |  40.0
            +---------+---------+-------+---------+---------+-------
        D:1 |      30 |       0 |   0.0 |      18 |       0 |   0.0
        D:2 |      38 |       7 |  15.6 |      13 |       4 |  23.5
        D:3 |       4 |       8 |  66.7 |       2 |       4 |  66.7
      Sewer |       0 |      40 | 100.0 |       0 |      14 | 100.0
            +---------+---------+-------+---------+---------+-------
